 Dungeon Crawl Stone Soup version 0.18-a0-1323-g706dcef (webtiles) character file.

3862 M4edhros the Covert (level 10, -8/58 HPs)
             Began as an Octopode Artificer on Feb 15, 2016.
             Was an Elder of Fedhas.
             Mangled by a crocodile (16 damage)
             ... on level 8 of the Dungeon.
             The game lasted 00:19:50 (8925 turns).

M4edhros the Covert (Octopode Artificer)            Turns: 8925, Time: 00:19:53

Health: -8/58      AC:  1    Str: 16    XL:     10   Next: 18%
Magic:  15/15      EV: 17    Int: 17    God:    Fedhas [****..]
Gold:   35         SH:  0    Dex: 21    Spells: 1 memorised, 13 levels left

rFire  . . .     SeeInvis .     N - +8 greatsling of Ujiattigg {velocity, MR+ Str+4 Int-2 Dex+4}
rCold  . . .     Gourm    .     (no shield)
rNeg   . . .     Faith    .     (helmet restricted)
rPois  .         Spirit   .     s - amulet of dismissal
rElec  .         Dismiss  +     t - ring of stealth
rCorr  .         Reflect  .     w - ring of wizardry
SustAt +         Harm     .     F - +3 ring of dexterity
MR     +....     Clarity  +     q - ring of sustain attributes
Stlth  +++++++...               (no ring)
                                (no ring)
                                (no ring)
                                (no ring)

@: somewhat resistant to hostile enchantments, extremely stealthy
A: almost no armour, amphibious, 8 rings, constrict 8, camouflage 1, agile 1,
clarity, deterioration 1, strong 1, wild magic 1, gelatinous body 1
a: Evolution, Sunlight, Growth, Reproduction, Renounce Religion


You were on level 8 of the Dungeon.
You worshipped Fedhas.
Fedhas was greatly pleased with you.
You were not hungry.

You visited 1 branch of the dungeon, and saw 8 of its levels.
You also visited: Ossuary.

You collected 435 gold pieces.
You spent 400 gold pieces at shops.

Inventory:

Hand Weapons
 a - a +0 short sword
 v - a +0 hunting sling
 y - a +2 whip of electrocution
 J - a +3 spear of freezing
 N - the +8 greatsling of Ujiattigg (weapon) {velocity, MR+ Str+4 Int-2 Dex+4}
   (You bought it in a shop on level 4 of the Dungeon)

   Any stone fired from it inflicts extra damage.
   It affects your strength (+4).
   It affects your intelligence (-2).
   It affects your dexterity (+4).
   It affects your resistance to hostile enchantments.
Missiles
 i - 93 sling bullets
 k - 167 stones (quivered)
Jewellery
 q - a ring of sustain attributes (on tentacle)
 s - an amulet of dismissal (around mantle)
 t - a ring of stealth (left tentacle)
 w - a ring of wizardry (right tentacle)
 F - a +3 ring of dexterity (on tentacle)
 G - an uncursed amulet of rage
Wands
 b - a wand of flame (7/48)
 c - a wand of enslavement (11/24)
 d - a wand of random effects (6/48)
 m - a wand of iceblast (9/15)
 o - a wand of iceblast (0/15)
 x - a wand of confusion (9/48)
 I - a wand of digging (14/24)
 O - a wand of random effects (22/48)
 Q - a wand of enslavement (18/24)
Scrolls
 g - 5 scrolls of recharging
 h - a scroll of noise {unknown}
 j - 2 scrolls of teleportation
 n - 2 scrolls of enchant weapon
 r - 4 scrolls of magic mapping
 A - 3 scrolls of random uselessness {unknown}
 D - 2 scrolls of amnesia
 K - a scroll of vulnerability {unknown}
 L - 2 scrolls of fog {unknown}
 M - a scroll of enchant armour {unknown}
Potions
 e - 4 potions of brilliance
 l - 4 potions of curing
 p - a potion of berserk rage
 B - a potion of flight
 C - 2 potions of invisibility
 H - 4 potions of heal wounds
Books
 E - a book of Necromancy

   Spells                             Type                      Level
   a - Pain                           Necromancy                   1
   b - Animate Skeleton               Necromancy                   1
   c - Vampiric Draining              Necromancy                   3
   d - Regeneration                   Charms/Necromancy            3
   e - Animate Dead                   Necromancy                   4
   f - Control Undead                 Necromancy                   4
Comestibles
 f - 3 bread rations
 u - a slice of pizza
 z - 2 fruits
 P - a royal jelly


   Skills:
 - Level 1.0 Fighting
 - Level 1.0 Short Blades
 + Level 6.0 Slings
 - Level 5.8 Dodging
 - Level 10.0 Stealth
 + Level 3.6 Spellcasting
 + Level 3.7 Charms
 * Level 4.7 Necromancy
 - Level 5.8 Invocations
 - Level 3.2 Evocations


You had 13 spell levels left.
You knew the following spells:

 Your Spells              Type           Power        Failure   Level  Hunger
a - Regeneration          Chrm/Necr      ####......   8%          3    ###....


Dungeon Overview and Level Annotations

Branches:
Dungeon (8/15)             Temple (0/1) D:6
   Lair: D:8-11

Altars:
Cheibriados
Elyvilon
Fedhas
Qazlal
Trog
Yredelemnul
Zin

Shops:
D:4 *


Innate Abilities, Weirdness & Mutations

You cannot wear most types of armour.
You are amphibious.
You can wear up to eight rings at the same time.
You can use your tentacles to constrict eight enemies at once.
Your skin changes colour to match your surroundings (Stealth).
Your rubbery body absorbs attacks (AC +1).
You are agile. (Dex +2)
You possess an exceptional clarity of mind.
Your body sometimes deteriorates upon taking damage.
Your muscles are strong. (Str +2)
Your spells are a little harder to cast, but a little more powerful.


Message History

Aim: a crocodile (heavily wounded)
You shoot a stone. The stone hits the crocodile.
The crocodile is severely wounded.
A nearby toadstool withers and dies.
The crocodile barely misses you.
Firing (i - inventory. (,) - cycle):
k - 169 stones (quivered)
Press: ? - help, Shift-Dir - straight line, f/p - crocodile
Aim: a crocodile (severely wounded)
You shoot a stone. The stone hits the crocodile.
The crocodile is almost dead.
The crocodile bites you!
Firing (i - inventory. (,) - cycle):
k - 168 stones (quivered)
Press: ? - help, Shift-Dir - straight line, f/p - crocodile
Aim: a crocodile (almost dead)
You shoot a stone. The stone barely misses the crocodile.
The stone closely misses the porcupine.
The crocodile bites you!
* * * LOW HITPOINT WARNING * * *
Your body deteriorates!
You feel clumsy for a moment. The crocodile bites you!
You die...
Fedhas appreciates your contribution to the ecosystem.

........#..# ..
........#..#.#
.............# .
.......#..#### ..
.......+.>#.. ..♣
.......##.#.# ....
..........#.# .....
..........#÷###..(..(
..........)ff@tr((((♣
######.....####%(.(..
#.....# ..(P. #####.#
P.(( #.# ... #.# ..
#.# P #.# #.#


You could see a crocodile, a porcupine and 2 friendly wandering mushrooms.

Vanquished Creatures
  Pikel (D:7)
  A troll (D:7)
  The ghost of Uberwunderbarhen the Insei, an amateur OpTm (Ossuary)
  A basilisk (D:8)
  A porcupine (D:8)
  A sky beast (D:5)
  4 elf skeletons (Ossuary)
  2 giant frogs
  A scorpion (D:4)
  A killer bee (D:8)
  A crimson imp (D:7)
  2 hounds
  A giant frog skeleton (D:4)
  A jelly (D:6)
  An orc priest (D:3)
  An iron imp (D:7)
  2 orc wizards
  An iguana (D:8)
  A centaur skeleton (Ossuary)
  7 human skeletons (Ossuary)
  6 worker ants
  4 sheep (D:8)
  2 hound skeletons (D:5)
  3 mummies (Ossuary)
  A gnoll (D:2)
  2 adders
  3 river rats (D:8)
  An adder skeleton (D:3)
  2 worms
  5 giant geckos
  13 orcs
  11 bats
  4 giant cockroaches
  2 goblins
  16 hobgoblins
  3 jackals
  2 quokkas
  3 giant newts
  A jackal skeleton (D:6)
  13 kobolds
  A kobold skeleton (D:7)
  An orc skeleton (D:7)
  9 rats
140 creatures vanquished.

Vanquished Creatures (collateral kills)
  Erolcha (D:8)
  A hippogriff (D:7)
  Edmund (D:5)
  2 orc warriors
  An ice beast (D:7)
  A phantom (D:6)
  A centaur (D:7)
  A gnoll sergeant (D:6)
  2 giant frogs (D:6)
  3 killer bees (D:8)
  2 hounds
  A centaur skeleton (D:5)
  3 worker ants
  A sheep (D:8)
  A hound skeleton (D:5)
  A mummy (D:7)
  3 gnolls (D:6)
  3 adders
  9 orcs
  A giant cockroach (D:3)
39 creatures vanquished.

Vanquished Creatures (others)
  A hungry ghost (D:7)
  2 slaves (D:7)
  An orc priest (D:7)
  A hound (D:7)
  A hound skeleton (D:7)
  2 worker ant zombies
  4 wandering mushrooms
  A plant (D:8)
  127 toadstools
140 creatures vanquished.

Grand Total: 319 creatures vanquished

Notes
Turn   | Place    | Note
--------------------------------------------------------------
     0 | D:1      | M4edhros the Octopode Artificer began the quest for the Orb.
     0 | D:1      | Reached XP level 1. HP: 13/13 MP: 3/3
   148 | D:1      | Reached XP level 2. HP: 18/18 MP: 4/4
   332 | D:2      | Noticed Sigmund
   371 | D:2      | Noticed Sigmund
   371 | D:2      | Sigmund changed into Sigmund the gnoll
   374 | D:2      | Killed Sigmund the gnoll
   374 | D:2      | Reached skill level 4 in Stealth
   504 | D:3      | Found a white marble altar of Elyvilon.
   521 | D:3      | Reached XP level 3. HP: 14/23 MP: 5/5
   594 | D:3      | Reached skill level 5 in Stealth
   594 | D:3      | Reached XP level 4. HP: 21/28 MP: 6/6
   608 | D:3      | Gained mutation: Your spells are a little harder to cast, but a little more powerful. [potion of mutation]
   608 | D:3      | Gained mutation: You possess an exceptional clarity of mind. [potion of mutation]
   608 | D:3      | Gained mutation: Your body sometimes deteriorates upon taking damage. [potion of mutation]
   834 | D:3      | Reached skill level 6 in Stealth
   865 | D:3      | Reached XP level 5. HP: 16/33 MP: 7/7
  1133 | D:4      | Reached skill level 7 in Stealth
  1414 | D:4      | Found Nofah's Assorted Antiques.
  1469 | D:4      | Reached skill level 8 in Stealth
  1812 | D:4      | Reached XP level 6. HP: 34/38 MP: 8/8
  2087 | D:4      | Found a stormy altar of Qazlal.
  2127 | D:4      | Reached skill level 9 in Stealth
  2353 | D:4      | Found a blossoming altar of Fedhas.
  3088 | D:5      | Entered Level 5 of the Dungeon
  3088 | D:5      | Noticed Edmund
  3136 | D:4      | Became a worshipper of Fedhas Madash
  3702 | D:1      | Reached * piety under Fedhas
  3944 | D:1      | Reached skill level 10 in Stealth
  4013 | D:1      | Reached XP level 7. HP: 41/43 MP: 9/9
  4479 | D:2      | Found a basalt altar of Yredelemnul.
  4481 | D:2      | Found a bloodstained altar of Trog.
  5028 | D:5      | Learned a level 3 spell: Regeneration
  5108 | D:5      | Reached skill level 1 in Slings
  5298 | D:5      | Reached skill level 1 in Invocations
  5299 | D:5      | Reached ** piety under Fedhas
  5436 | D:5      | Killed Edmund
  5654 | D:6      | Found a staircase to the Ecumenical Temple.
  5752 | D:6      | Found a bloodstained altar of Trog.
  5927 | D:6      | Reached XP level 8. HP: 20/48 MP: 10/10
  6797 | D:7      | Noticed Pikel
  6805 | D:7      | Killed Pikel
  6805 | D:7      | Reached skill level 5 in Dodging
  6805 | D:7      | Reached skill level 5 in Invocations
  6805 | D:7      | Reached XP level 9. HP: 40/53 MP: 9/12
  6818 | D:7      | Reached skill level 5 in Slings
  6893 | D:7      | Reached *** piety under Fedhas
  6905 | D:7      | Found a sand-covered staircase.
  6933 | Ossuary  | Entered an ossuary
  6933 | Ossuary  | Noticed Uberwunderbarhen's ghost (amateur OpTm)
  6956 | Ossuary  | Gained mutation: Your muscles are strong. (Str +2) [potion of mutation]
  6956 | Ossuary  | Gained mutation: You are agile. (Dex +2) [potion of mutation]
  6989 | Ossuary  | Killed Uberwunderbarhen's ghost
  7620 | Ossuary  | Reached skill level 1 in Spellcasting
  7639 | Ossuary  | Reached skill level 1 in Necromancy
  7670 | Ossuary  | Reached skill level 1 in Charms
  8143 | D:7      | Found a snail-covered altar of Cheibriados.
  8164 | D:7      | Noticed a troll
  8177 | D:7      | Killed a troll
  8312 | D:7      | Reached **** piety under Fedhas
  8392 | D:7      | Found a glowing silver altar of Zin.
  8415 | D:7      | You fall through a shaft!
  8642 | D:4      | Bought a jewelled greatsling for 400 gold pieces
  8642 | D:4      | Identified the +8 greatsling of Ujiattigg {velocity, MR+ Str+4 Int-2 Dex+4} (You bought it in a shop on level 4 of the Dungeon)
  8881 | D:8      | Noticed Erolcha
  8890 | D:8      | Killed Erolcha
  8890 | D:8      | Reached XP level 10. HP: 40/58 MP: 13/15
  8925 | D:8      | Mangled by a crocodile

Vault maps used:
D:1:      grunt_arrival_lava_bath
D:2:      minitemple, uniq_sigmund
D:3:      first_bread, elyvilon_altar_5
D:4:      grunt_temple_overflow_forces_of_nature, serial_shops, shop
D:5:      minmay_gold_behind_fungi, interstate_on_off, minivault_25, uniq_edmund
D:6:      minmay_temple_entry_overgrown, basic_altar, serial_co_window_serial,
          co_window_cross_1, co_window_corner_a, co_window_paths_b,
          co_window_corner_a, co_window_of_opportunity_a, co_window_broadway_b,
          co_window_unsneaky_path_b, co_window_broadway_a, co_window_corner_ca,
          co_window_2corner, glass_columns_b, glass_columns_a, kennysheep_nub
D:7:      slow_altar_1, nicolae_ossuary_entry_giza, basic_altar, uniq_pikel
D:8:      minmay_lair_entry_grove, uniq_erolcha
Ossuary:  ossuary_minmay_four_chambers

Action                   |  1- 3 |  4- 6 |  7- 9 | 10-12 || total
-------------------------+-------+-------+-------+-------++-------
Melee: Short sword       |    33 |    35 |       |       ||    68
       Hunting sling     |       |    14 |     2 |       ||    16
       Whip              |       |       |   100 |       ||   100
 Fire: Hunting sling     |       |   195 |   294 |       ||   489
       Greatsling        |       |       |    12 |    21 ||    33
Invok: Evolution         |       |       |     6 |       ||     6
Evoke: Wand              |     3 |    13 |    13 |       ||    29
  Use: Potion            |     3 |     5 |     5 |       ||    13
       Scroll            |       |     6 |     3 |       ||     9
 Stab: Sleeping          |     4 |     3 |     5 |       ||    12
       Paralysed         |       |     2 |       |       ||     2
       Confused          |       |       |     2 |       ||     2
  Eat: Meat ration       |       |     2 |     1 |       ||     3
       Chunk             |       |     1 |       |       ||     1
       Bread ration      |       |       |     2 |       ||     2
       Beef jerky        |       |       |     1 |       ||     1
